 Dungeon Crawl Stone Soup version 0.31.0-11-ge490571c62 (webtiles) character file.

Game seed: 15020255454679822502

10265 ssalbiz the Destroyer (level 11, -9/83 HPs)
             Began as a Gnoll Conjurer on Feb 2, 2024.
             Was an Elder of Vehumet.
             Killed from afar by an orc wizard (11 damage)
             ... with a magic dart
             ... on level 10 of the Dungeon.
             The game lasted 00:34:18 (12061 turns).

ssalbiz the Destroyer (Gnoll Conjurer)             Turns: 12061, Time: 00:34:19

Health: -9/83      AC:  5    Str:  7    XL:     11   Next: 59%
Magic:  8/23       EV: 19    Int: 24    God:    Vehumet [****..]
Gold:   476        SH:  0    Dex: 11    Spells: 8/26 levels left

rFire   . . .        I - +2 short sword (vamp)
rCold   . . .        (no shield)
rNeg    . . .        a - +0 robe
rPois   .            x - +2 hat {Int+3}
rElec   .            (no cloak)
rCorr   .            n - +0 pair of gloves
SInv    +            (no boots)
Will    .....        (no amulet)
Stlth   ++++         c - ring of see invisible
HPRegen 0.33/turn    w - +5 ring of evasion
MPRegen 0.18/turn

%: no passive effects
@: no status effects
A: fangs 1, strong nose, distributed training
a: Renounce Religion


You were on level 10 of the Dungeon.
You worshipped Vehumet.
Vehumet was greatly pleased with you.
You visited 2 branches of the dungeon, and saw 11 of its levels.
You also visited: Ossuary.

You collected 476 gold pieces.

Inventory:

Hand Weapons
 C - a +2 whip of electrocution
 I - a +2 vampiric short sword (weapon)
Missiles
 f - 4 silver javelins (quivered)
 L - a curare-tipped dart
Armour
 a - a +0 robe (worn)
 m - a +1 hat
 n - a +0 pair of gloves (worn)
 x - a +2 hat of intelligence (worn)
Magical Staves
 F - a staff of fire
 M - a staff of conjuration
Jewellery
 c - a ring of see invisible (left hand)
 r - a ring of poison resistance
 w - a +5 ring of evasion (right hand)
 B - a ring of magical power
Talismans
 u - a maw talisman
Wands
 E - a wand of polymorph (4)
Scrolls
 e - 6 scrolls of enchant weapon {unknown}
 g - a scroll of amnesia {unknown}
 i - a scroll of blinking {unknown}
 o - a scroll of fear {unknown}
 q - 2 scrolls of fog {unknown}
 t - 2 scrolls of brand weapon {unknown}
 y - 8 scrolls of identify {unknown}
 A - 2 scrolls of noise {unknown}
 D - a scroll of torment {unknown}
 J - a scroll of silence {unknown}
 K - a scroll of butterflies {unknown}
 O - a scroll of immolation {unknown}
 P - a scroll of acquirement {unknown}
 Q - a scroll of vulnerability {unknown}
Potions
 b - 3 potions of berserk rage {unknown}
 d - 2 potions of mutation {unknown}
 h - a potion of brilliance {unknown}
 j - 9 potions of curing {unknown}
 k - a potion of degeneration {unknown}
 l - 3 potions of ambrosia {unknown}
 p - a potion of enlightenment {unknown}
 s - a potion of heal wounds {unknown}
 v - 2 potions of cancellation {unknown}
 z - 2 potions of might {unknown}
 G - a potion of haste {unknown}
 N - a potion of lignification {unknown}
Miscellaneous
 H - a phantom mirror (inert)


   Skills:
 + Level 6.7 Fighting
 + Level 6.7 Short Blades
 + Level 6.7 Long Blades
 + Level 6.7 Axes
 + Level 6.7 Maces & Flails
 + Level 6.7 Polearms
 + Level 6.7 Staves
 + Level 6.7 Ranged Weapons
 + Level 6.7 Throwing
 + Level 6.7 Armour
 + Level 8.2 Dodging
 + Level 8.0 Stealth
 + Level 6.7 Shields
 + Level 6.7 Unarmed Combat
 + Level 8.4 Spellcasting
 + Level 9.1 Conjurations
 + Level 5.5 Hexes
 + Level 5.5 Summonings
 + Level 5.5 Necromancy
 + Level 5.5 Translocations
 + Level 5.5 Fire Magic
 + Level 5.5 Ice Magic
 + Level 5.5 Air Magic
 + Level 5.5 Earth Magic
 + Level 5.5 Alchemy
 + Level 7.3 Invocations
 + Level 6.7 Evocations
 + Level 6.1 Shapeshifting


You had 8 spell levels left.
You knew the following spells:

 Your Spells              Type           Power      Damage    Failure   Level
a - Magic Dart            Conj           100%       1d8       1%          1
b - Searing Ray           Conj           100%       2d8       1%          2
c - Fulminant Prism       Conj/Alch      22%        3d12      1%          4
d - Iskenderun's Mystic   Conj/Tloc      45%        2d10      1%          4
e - Momentum Strike       Conj/Tloc      90%        3d10      1%          2
f - Ensorcelled Hibernat  Hex/Ice        72%        N/A       1%          2
g - Mephitic Cloud        Conj/Alch/Air  42%        N/A       1%          3

Your spell library contained the following spells:

 Spells                   Type           Power      Damage    Failure   Level
 Apportation              Tloc           72%        N/A       1%          1
 Kiss of Death            Conj/Necr      100%       2d13      1%          1
 Necrotise                Necr           100%       1d9       1%          1
 Sting                    Conj/Alch      100%       1d9       1%          1
 Summon Small Mammal      Summ           100%       N/A       1%          1
 Mercury Vapours          Alch/Air       72%        N/A       1%          2
 Confusing Touch          Hex            36%        N/A       1%          3
 Fugue of the Fallen      Necr           36%        N/A       1%          3
 Olgreb's Toxic Radiance  Alch           36%        N/A       1%          4
 Anguish                  Hex/Necr       18%        N/A       6%          4
 Dispel Undead            Necr           36%        3d15      6%          4


Dungeon Overview and Level Annotations

Branches:
Dungeon (10/15)            Temple (1/1) D:7            Lair (0/5) D:8
Ossuary (visited)
    Orc: D:9-12

Altars:
Ashenzari
Cheibriados
Dithmenos
Elyvilon
Fedhas
Gozag
Hepliaklqana
Kikubaaqudgha
Makhleb
Nemelex Xobeh
Okawaru
Qazlal
Ru
Sif Muna
Trog
Uskayaw
Vehumet
Wu Jian
Xom
Yredelemnul
Zin
The Shining One

Shops:
D:3 [

Annotations:
D:4 2 transporters, OlivierBoivin's ghost, amateur MfSu
D:5 1 runed translucent door, zenocrate's ghost, weakling OnDe
D:8 3 runed translucent doors, Sobieck's ghost, novice VSWr


Innate Abilities, Weirdness & Mutations

You have very sharp teeth.
Your uncanny sense of smell can sniff out nearby items.
Your experience applies equally to all skills.


Message History

The orc wizard closely misses you. The red devil completely misses you.
Your rust devil closely misses the orc wizard.
The searing ray hits the chaos spawn!
The chaos spawn is almost dead.
You finish channelling your searing ray.
The orc closely misses you. The chaos spawn tail-slaps you!
* * * LOW HITPOINT WARNING * * *
You are engulfed in flames!
* * * LOW HITPOINT WARNING * * *
The orc wizard hits you but does no damage.
Your rust devil closely misses the orc wizard.
The red devil barely misses you.
Unknown command.
Unknown command.
You closely miss the orc wizard. Your bite misses the orc wizard.
The orc wizard is heavily wounded.
You carefully extract the barbed spikes from your body.
The red devil disappears in a puff of smoke!
The orc misses you.
The orc wizard gestures at you while chanting.
You easily resist.
The chaos spawn punches you but does no damage.
Your rust devil hits the orc wizard.
Your rust devil corrodes the orc wizard!
Unknown command.
Unknown command.
Unknown command.
Casting: Searing Ray (safe; 1% risk of failure)
Confirm with . or Enter, or press ? or * to list all spells.
Aiming: Searing Ray (safe; 1% risk of failure)
Press: ? - help, Shift-Dir - straight line, f - kobold demonologist, p - chaos spawn
Aim: a kobold demonologist, wielding a +0 dagger and wearing a +0 robe (blue smoke, 76% to hit)
The searing ray misses the orc wizard.
The searing ray hits the kobold demonologist!
The kobold demonologist is lightly wounded. (Press . to maintain the ray.)
The orc closely misses you.
The orc wizard gestures at you while chanting.
The magic dart hits you!
You die...

≈≈≈≈≈≈.. #.#......#
.......#### #.#......#
..........# #.#......#
#o.######.#......#
.#####..#......#......#
#........'..#...#.....>#
#........#..#...#......#
##########o............#
#.@o4#####'#....#
#4##K#.....#.#..# #.
#.#.....#.#..# #.
#4#####.+....# #. ..#
#.##...# #. 4K# ...#.#.#
#..#4+ ...#.#.# #....#
...#...# ##### #...#


You could see a kobold demonologist, a chaos spawn (summoned, ally target), an
orc wizard (invisible, corroded), an orc and a friendly rust devil (summoned,
corroded, drained).

Vanquished Creatures
  3 two-headed ogres (D:9)
  Pikel (D:5)
  An unseen horror (D:6)
  2 trolls
  Prince Ribbit (D:5)
  A hornet (D:8)
  A shadow (D:9)
  2 wyverns
  11 yaks (D:9)
  A wraith (D:9)
  A steam dragon (D:6)
  Menkaure (D:5)
  Edmund (D:5)
  2 water moccasins (D:6)
  6 orc warriors
  2 sky beasts
  4 black bears
  An ice beast (D:7)
  An ogre (D:5)
  2 wolves (D:8)
  2 centaurs
  An elf zombie (Ossuary)
  4 kobold brigands
  4 bullfrogs
  3 scorpions (D:6)
  4 wights (D:8)
  4 killer bees (D:9)
  A bombardier beetle (D:4)
  2 centaur zombies (Ossuary)
  6 hounds
  A human zombie (Ossuary)
  A jelly (D:6)
  A gnoll bouda (D:5)
  8 orc priests
  5 iguanas
  9 orc wizards
  6 hound zombies (Ossuary)
  2 mummies (Ossuary)
  2 howler monkey zombies (D:8)
  10 gnolls
  9 adders
  A shadow imp (D:4)
  3 white imps
  6 adder zombies (Ossuary)
  2 dart slugs (D:3)
  2 ribbon worms
  13 orcs
  5 bats
  6 endoplasms
  5 giant cockroaches
  9 hobgoblins
  17 jackals
  20 kobolds
  2 quokkas
  8 ball pythons
  2 frilled lizards (D:1)
  5 gnoll zombies (Ossuary)
  4 goblins
  7 jackal zombies (Ossuary)
  4 kobold zombies (Ossuary)
  5 orc zombies (Ossuary)
  3 rats
259 creatures vanquished.

Vanquished Creatures (others)
  6 fulminant prisms
6 creatures vanquished.

Grand Total: 265 creatures vanquished

Notes
Turn   | Place    | Note
-------+----------+-------------------------------------------
     0 | D:1      | ssalbiz the Gnoll Conjurer began the quest for the Orb.
     0 | D:1      | Reached XP level 1. HP: 13/13 MP: 6/6
   167 | D:1      | Reached XP level 2. HP: 19/19 MP: 3/7
   566 | D:1      | Learned a level 2 spell: Searing Ray
   590 | D:1      | Reached skill level 5 in Spellcasting
   590 | D:1      | Reached XP level 3. HP: 21/25 MP: 5/9
   601 | D:1      | Reached skill level 1 in Invocations
  1500 | D:2      | Reached skill level 1 in Fighting
  1500 | D:2      | Reached skill level 1 in Short Blades
  1500 | D:2      | Reached skill level 1 in Long Blades
  1500 | D:2      | Reached skill level 1 in Axes
  1500 | D:2      | Reached skill level 1 in Maces & Flails
  1500 | D:2      | Reached skill level 1 in Polearms
  1500 | D:2      | Reached skill level 1 in Staves
  1500 | D:2      | Reached skill level 1 in Ranged Weapons
  1500 | D:2      | Reached skill level 1 in Throwing
  1500 | D:2      | Reached skill level 1 in Armour
  1500 | D:2      | Reached skill level 1 in Shields
  1500 | D:2      | Reached skill level 1 in Unarmed Combat
  1500 | D:2      | Reached skill level 1 in Evocations
  1784 | D:2      | Reached skill level 1 in Shapeshifting
  1784 | D:2      | Reached XP level 4. HP: 32/32 MP: 9/11
  1863 | D:2      | Found a faded altar of an unknown god.
  2256 | D:3      | Reached skill level 1 in Hexes
  2256 | D:3      | Reached skill level 1 in Summonings
  2256 | D:3      | Reached skill level 1 in Necromancy
  2256 | D:3      | Reached skill level 1 in Translocations
  2256 | D:3      | Reached skill level 1 in Fire Magic
  2256 | D:3      | Reached skill level 1 in Ice Magic
  2256 | D:3      | Reached skill level 1 in Air Magic
  2256 | D:3      | Reached skill level 1 in Earth Magic
  2256 | D:3      | Reached skill level 1 in Alchemy
  2313 | D:3      | Learned a level 4 spell: Fulminant Prism
  2318 | D:3      | Learned a level 4 spell: Iskenderun's Mystic Blast
  2427 | D:3      | Found a faded altar of an unknown god.
  2430 | D:3      | Found a shadowy altar of Dithmenos.
  2776 | D:3      | Found Siepaleps's Antique Armour Emporium.
  2952 | D:4      | Noticed OlivierBoivin's ghost (amateur MfSu)
  3002 | D:4      | Reached XP level 5. HP: 24/37 MP: 6/12
  3025 | D:4      | Found a transporter.
  3044 | D:4      | Found a radiant altar of Vehumet.
  3052 | D:4      | Became a worshipper of Vehumet
  3115 | D:4      | Found a sand-covered staircase.
  3120 | Ossuary  | Entered an ossuary
  3605 | Ossuary  | Reached XP level 6. HP: 44/44 MP: 3/13
  3815 | Ossuary  | Reached skill level 5 in Dodging
  3832 | Ossuary  | Reached * piety under Vehumet
  3832 | Ossuary  | Offered knowledge of Freeze by Vehumet.
  3872 | Ossuary  | Reached XP level 7. HP: 4/51 MP: 6/15
  4305 | D:4      | Found a transporter.
  4643 | D:4      | Identified the +3 ring mail of Parlour Games {Str+3 Dex+3}
  5033 | D:5      | Entered Level 5 of the Dungeon
  5035 | D:5      | Noticed Edmund
  5074 | D:4      | Offered knowledge of Momentum Strike by Vehumet.
  5078 | D:4      | Learned a level 2 spell: Momentum Strike
  5184 | D:5      | Reached ** piety under Vehumet
  5185 | D:5      | Reached skill level 5 in Stealth
  5212 | D:5      | Noticed Menkaure
  5217 | D:5      | Killed Menkaure
  5374 | D:5      | Killed Edmund
  5375 | D:5      | Reached XP level 8. HP: 42/58 MP: 1/16
  5434 | D:5      | Noticed Pikel
  5562 | D:5      | Killed Pikel
  5648 | D:5      | Noticed Prince Ribbit
  5692 | D:5      | Killed Prince Ribbit
  5693 | D:5      | Reached XP level 9. HP: 44/65 MP: 3/18
  5792 | D:5      | Found an iron altar of Okawaru.
  5862 | D:5      | Found a runed translucent door.
  5865 | D:5      | Noticed zenocrate's ghost (weakling OnDe)
  5926 | D:5      | Found a hazy altar of Hepliaklqana.
  5926 | D:5      | Found a glowing silver altar of Zin.
  6527 | D:6      | Reached skill level 8 in Conjurations
  6644 | D:6      | Learned a level 2 spell: Ensorcelled Hibernation
  6914 | D:6      | Reached skill level 5 in Invocations
  7096 | D:6      | Offered knowledge of Inner Flame by Vehumet.
  7518 | D:6      | Reached *** piety under Vehumet
  7749 | D:6      | Killed an unseen horror
  7750 | D:6      | Reached skill level 5 in Fighting
  7750 | D:6      | Reached skill level 5 in Short Blades
  7750 | D:6      | Reached skill level 5 in Long Blades
  7750 | D:6      | Reached skill level 5 in Axes
  7750 | D:6      | Reached skill level 5 in Maces & Flails
  7750 | D:6      | Reached skill level 5 in Polearms
  7750 | D:6      | Reached skill level 5 in Staves
  7750 | D:6      | Reached skill level 5 in Ranged Weapons
  7750 | D:6      | Reached skill level 5 in Throwing
  7750 | D:6      | Reached skill level 5 in Armour
  7750 | D:6      | Reached skill level 5 in Shields
  7750 | D:6      | Reached skill level 5 in Unarmed Combat
  7750 | D:6      | Reached skill level 5 in Evocations
  7750 | D:6      | Reached XP level 10. HP: 40/74 MP: 12/20
  7974 | D:6      | Found a shimmering blue altar of Sif Muna.
  8283 | D:7      | Found a staircase to the Ecumenical Temple.
  8992 | Temple   | Entered the Ecumenical Temple
  9138 | D:8      | Found a runed translucent gate.
  9138 | D:8      | Found a runed translucent gate.
  9138 | D:8      | Found a runed translucent gate.
  9138 | D:8      | Noticed Sobieck's ghost (novice VSWr)
  9140 | D:8      | Found a basalt altar of Yredelemnul.
  9445 | D:8      | Reached skill level 5 in Shapeshifting
  9478 | D:8      | Offered knowledge of Mephitic Cloud by Vehumet.
  9632 | D:7      | Learned a level 3 spell: Mephitic Cloud
 10073 | D:8      | Found a staircase to the Lair.
 10405 | D:9      | Noticed a two-headed ogre
 10417 | D:9      | Killed a two-headed ogre
 10609 | D:9      | Reached skill level 5 in Hexes
 10609 | D:9      | Reached skill level 5 in Summonings
 10609 | D:9      | Reached skill level 5 in Necromancy
 10609 | D:9      | Reached skill level 5 in Translocations
 10609 | D:9      | Reached skill level 5 in Fire Magic
 10609 | D:9      | Reached skill level 5 in Ice Magic
 10609 | D:9      | Reached skill level 5 in Air Magic
 10609 | D:9      | Reached skill level 5 in Earth Magic
 10609 | D:9      | Reached skill level 5 in Alchemy
 10609 | D:9      | Reached XP level 11. HP: 81/81 MP: 15/22
 10854 | D:9      | Reached **** piety under Vehumet
 10952 | D:9      | Noticed a two-headed ogre
 10965 | D:9      | Killed a two-headed ogre
 11068 | D:9      | Reached skill level 9 in Conjurations
 11665 | D:9      | Noticed a two-headed ogre
 11681 | D:9      | Killed a two-headed ogre
 11954 | D:10     | Entered Level 10 of the Dungeon
 12031 | D:10     | Found a snail-covered altar of Cheibriados.
 12059 | D:10     | HP: 2/83 [chaos spawn[a kobold demonologist] (8)]
 12061 | D:10     | Killed from afar by an orc wizard

Illustrated notes

Levels and vault maps discovered:
D:1:      eino_arrival_druids_welcome, layout_basic, serial_forest,
          infiniplex_forest_straight_1, infiniplex_forest_straight_2,
          infiniplex_forest_clump_small, infiniplex_forest_clump_long,
          infiniplex_forest_clump_diagonal
D:2:      layout_rooms, dreamdust_ecumenical_altar_statues
D:3:      layout_basic, nicolae_overflow_ecumenical_swirl, serial_shops,
          nicolae_square_shop
D:4:      layout_basic, vehumet_crystals, gammafunk_ghost_stat_death,
          enter_ossuary_2
D:5:      layout_cave_pools, mainiacjoe_overflow_alcove_2,
          gammafunk_temple_overflow_elements, ebering_ghost_sewer_d,
          uniq_prince_ribbit1, uniq_pikel, uniq_menkaure, uniq_edmund
D:6:      minmay_octagon_keep, layout_loops_cross,
          nicolae_sif_muna_little_library, grunt_ministairs_2, minmay_microvault
D:7:      layout_basic, minmay_temple_entry_grid, serial_park_tiny_2
D:8:      layout_loops_cross, nicolae_yredelemnul_ghost_church,
          erik_lair_orcish_takeover
D:9:      layout_loops_ring, chequers_serial_rivers_large_b
D:10:     layout_stronghold, mainiacjoe_overflow_concentric_impassable,
          uniq_maggie, uniq_maurice, uniq_urug
Temple:   compressed_dpeg_circular_temple

Skill      XL: |  1  2  3  4  5  6  7  8  9 10 11 |
---------------+----------------------------------+-----
Spellcasting   | 5 6 7 8 |  8.4
Invocations    | 1 2 3 4 5 6 7 |  7.3
Fighting       | 1 2 3 5 6 |  6.7
Short Blades   | 1 2 3 5 6 |  6.7
Long Blades    | 1 2 3 5 6 |  6.7
Axes           | 1 2 3 5 6 |  6.7
Maces & Flails | 1 2 3 5 6 |  6.7
Polearms       | 1 2 3 5 6 |  6.7
Staves         | 1 2 3 5 6 |  6.7
Ranged Weapons | 1 2 3 5 6 |  6.7
Throwing       | 1 2 3 5 6 |  6.7
Armour         | 1 2 3 5 6 |  6.7
Shields        | 1 2 3 5 6 |  6.7
Unarmed Combat | 1 2 3 5 6 |  6.7
Evocations     | 1 2 3 5 6 |  6.7
Shapeshifting  | 1 2 3 4 5 6 |  6.1
Hexes          | 1 2 3 4 5 |  5.5
Summonings     | 1 2 3 4 5 |  5.5
Necromancy     | 1 2 3 4 5 |  5.5
Translocations | 1 2 3 4 5 |  5.5
Fire Magic     | 1 2 3 4 5 |  5.5
Ice Magic      | 1 2 3 4 5 |  5.5
Air Magic      | 1 2 3 4 5 |  5.5
Earth Magic    | 1 2 3 4 5 |  5.5
Alchemy        | 1 2 3 4 5 |  5.5
Dodging        | 5 6 7 8 |  8.2
Stealth        | 5 6 7 8 |  8.0
Conjurations   | 8 9 |  9.1

Action                     |  1- 3 |  4- 6 |  7- 9 | 10-12 || total
---------------------------+-------+-------+-------+-------++-------
  Melee: Short sword       |    15 |    43 |    32 |    46 ||   136
         Bite              |       |     6 |     2 |     3 ||    11
         Whip              |       |       |     8 |       ||     8
         Punch             |       |       |       |     1 ||     1
  Throw: Javelin           |       |     5 |    10 |     9 ||    24
   Cast: Magic Dart        |    69 |    68 |   103 |    55 ||   295
         Searing Ray       |     2 |    25 |    39 |    42 ||   108
         Momentum Strike   |       |       |    12 |    13 ||    25
         Iskenderun's Myst |       |       |     4 |     2 ||     6
         Ensorcelled Hiber |       |       |    11 |    29 ||    40
         Fulminant Prism   |       |       |     2 |     4 ||     6
         Mephitic Cloud    |       |       |       |     4 ||     4
  Evoke: Phantom mirror    |       |       |       |     1 ||     1
    Use: Potion            |       |     2 |       |       ||     2
   Stab: Sleeping          |     1 |       |     7 |    21 ||    29
 Armour: Robe              |    17 |    67 |    51 |    76 ||   211
  Dodge: Dodged            |    27 |   132 |    71 |    80 ||   310
